 Dungeon Sprint DCSS version 0.25-a0-413-g3b4b6a4ccc (webtiles) character file.

Game seed: 18291293241006743674, levelgen mode: deterministic

994 wilfster70 the Carver (level 7, -3/94 HPs)
             Began as a Demonspawn Berserker on Jan 15, 2020.
             Was a Priest of Trog.
             Succumbed to Sonja's poison
             ... in the Dungeon (Sprint I: "Red Sonja").
             The game lasted 00:01:43 (642 turns).

wilfster70 the Carver (Demonspawn Berserker)         Turns: 642, Time: 00:01:44

Health: -3/94      AC: 12    Str: 24    XL:     7   Next: 99%
Magic:  4/7        EV: 15    Int:  9    God:    Trog [***...]
Gold:   337        SH:  0    Dex: 12    Spells: 6/6 levels left

rFire    . . .     SeeInvis .   a - +0 falchion
rCold    . . .     Gourm    .   (no shield)
rNeg     . . .     Faith    .   k - +0 ring mail
rPois    .         Spirit   +   (no helmet)
rElec    .         Reflect  .   (no cloak)
rCorr    .         Harm     .   (no gloves)
MR       .....     NoTele   +   (no boots)
Stlth    ..........             (no amulet)
HPRegen  0.25/turn              (no ring)
MPRegen  0.20/turn              (no ring)

@: berserking (expiring), lethally poisoned (-3 -> -111), sanguine armour, very
quick
A: claws 1, nightstalker 1, magic shield, magic regeneration, sanguine armour 1
a: Berserk, Trog's Hand, Renounce Religion


You were in the Dungeon.
You worshipped Trog.
Trog was most pleased with you.
You were not hungry.

You visited 1 branch You collected 337 gold pieces.

Inventory:

Hand Weapons
 a - a +0 falchion (weapon)
Armour
 k - a +0 ring mail (worn)
Wands
 j - a wand of random effects (10)
Scrolls
 i - a scroll of blinking
Potions
 d - a potion of curing
 f - a potion of haste
 g - 2 potions of magic
 h - a potion of berserk rage


   Skills:
 + Level 8.4 Fighting
 * Level 10.5 Long Blades
 + Level 7.4 Armour
 + Level 7.4 Dodging


You had 6 spell levels left.
You didn't know any spells.
Your spell library was empty.

Dungeon Overview and Level Annotations

Branches:
Dungeon (1/1)

Altars:
Cheibriados
Dithmenos
Elyvilon
Fedhas
Gozag
Hepliaklqana
Kikubaaqudgha
Nemelex Xobeh
Okawaru
Qazlal
Ru
Sif Muna
Trog
Uskayaw
Vehumet
Wu Jian
Yredelemnul
Zin
The Shining One

Shops:
D }


Innate Abilities, Weirdness & Mutations

You have sharp fingernails.
You are slightly more attuned to the shadows.
When hurt, damage is shared between your health and your magic reserves.
You regenerate magic rapidly.
When seriously injured, your bleeding wounds create armour. (AC +6)


Message History

You are more poisoned.
Sonja hits you but does no damage.
You slash Sonja!
You kill Sonja!
Trog accepts your kill.
Trog appreciates your killing of a magic user.
Your Fighting skill increases to level 8!
Your Long Blades skill gained 2 levels and is now at level 10!
Your Armour skill increases to level 7!
Your Dodging skill increases to level 7!
You have reached level 7!
Your demonic ancestry asserts itself...
You feel your magic shroud grow more resilient.
* * * LOW HITPOINT WARNING * * *
You feel very sick.
You are too berserk!
* * * LOW HITPOINT WARNING * * *
You feel very sick.
You feel a strong urge to attack something.
You die...

#<.#..)..#.)'..#
#..'..#..'..#..+
#[.#####'#####'#
#..####..#...#.#
#..#__####..##.#
#..#_____##'#_.+
#⌠⌠#_.∩...'.(._#
####_..__##_.#'#
#_____###@#.#
#########.###
+$.$+ #$)$#
##.## #+#


There were no monsters in sight!

Vanquished Creatures
  Sonja (D)
  A yak (D)
  Sigmund (D)
  An ogre (D)
  A jelly (D)
  Ijyb (D)
6 creatures vanquished.

Vanquished Creatures (others)
  A gargoyle (D)
1 creature vanquished.

Grand Total: 7 creatures vanquished

Notes
Turn   | Place    | Note
-------+----------+-------------------------------------------
     0 | D        | wilfster70 the Demonspawn Berserker began the quest for the
                  | Orb.
     0 | D        | Reached XP level 1. HP: 18/18 MP: 1/1
     1 | D        | Noticed Ijyb
     6 | D        | Killed Ijyb
     6 | D        | Reached skill level 4 in Long Blades
     6 | D        | Gained mutation: You have sharp fingernails. [demonic
                  | ancestry]
     6 | D        | Reached XP level 2. HP: 25/25 MP: 2/2
    58 | D        | Noticed an ogre
    63 | D        | Killed an ogre
    63 | D        | Reached skill level 5 in Fighting
    63 | D        | Reached skill level 5 in Long Blades
    63 | D        | Reached XP level 3. HP: 33/33 MP: 3/3
    63 | D        | Gained mutation: When seriously injured, your bleeding
                  | wounds create armour. (AC +6) [demonic ancestry]
    63 | D        | Reached XP level 4. HP: 39/39 MP: 4/4
   119 | D        | Noticed Sigmund
   147 | D        | HP: 1/39 [something (2)]
   148 | D        | Killed Sigmund
   148 | D        | Reached ** piety under Trog
   148 | D        | Reached skill level 7 in Long Blades
   148 | D        | Reached skill level 5 in Armour
   148 | D        | Reached skill level 5 in Dodging
   148 | D        | Gained mutation: When hurt, damage is shared between your
                  | health and your magic reserves. [demonic ancestry]
   148 | D        | Reached XP level 5. HP: 1/46 MP: 5/5
   180 | D        | Killed a gargoyle
   450 | D        | Found a shimmering blue altar of Sif Muna.
   451 | D        | Found an ornate altar of the Wu Jian Council.
   452 | D        | Found a radiant altar of Vehumet.
   455 | D        | Gained mutation: You are slightly more attuned to the
                  | shadows. [demonic ancestry]
   455 | D        | Reached XP level 6. HP: 53/53 MP: 6/6
   472 | D        | Found Quux's Gadget Emporium.
   472 | D        | Found a hazy altar of Hepliaklqana.
   472 | D        | Found a stormy altar of Qazlal.
   472 | D        | Found a hide-covered altar of Uskayaw.
   472 | D        | Found a blossoming altar of Fedhas.
   472 | D        | Found a bloodstained altar of Trog.
   472 | D        | Found an iron altar of Okawaru.
   472 | D        | Found a snail-covered altar of Cheibriados.
   472 | D        | Found a sacrificial altar of Ru.
   472 | D        | Found a glowing silver altar of Zin.
   472 | D        | Noticed a yak
   473 | D        | Found an ancient bone altar of Kikubaaqudgha.
   473 | D        | Found a basalt altar of Yredelemnul.
   473 | D        | Found a glowing golden altar of the Shining One.
   473 | D        | Found an opulent altar of Gozag.
   473 | D        | Found a shadowy altar of Dithmenos.
   473 | D        | Found a white marble altar of Elyvilon.
   481 | D        | Killed a yak
   481 | D        | Reached skill level 8 in Long Blades
   498 | D        | Found a sparkling altar of Nemelex Xobeh.
   626 | D        | Noticed Sonja
   640 | D        | Killed Sonja
   640 | D        | Reached *** piety under Trog
   640 | D        | Reached skill level 10 in Long Blades
   640 | D        | Gained mutation: You regenerate magic rapidly. [demonic
                  | ancestry]
   640 | D        | Reached XP level 7. HP: 15/63 MP: 4/7
   641 | D        | HP: 3/94 [poisoned by Sonja]
   642 | D        | Succumbed to Sonja's poison

Levels and vault maps discovered:
D:        dungeon_sprint_1 [red_sonja_temple_1, red_sonja_temple_small_1]

Skill      XL: |  1  2  3  4  5  6 |
---------------+-------------------+-----
Long Blades    | 4 5 7 10 | 10.5
Armour         | 2 4 5 7 |  7.4
Dodging        | 2 4 5 7 |  7.4
Fighting       | 5 6 8 |  8.4

Action                   |  1- 3 |  4- 6 |  7- 9 || total
-------------------------+-------+-------+-------++-------
Melee: Falchion          |     7 |    45 |       ||    52
Invok: Berserk           |     2 |     3 |       ||     5
  Use: Potion            |       |     1 |       ||     1
 Stab: Sleeping          |       |     1 |       ||     1
  Eat: Chunk             |       |     1 |       ||     1
       Ration            |       |     1 |       ||     1
Armor: Animal skin       |     2 |       |       ||     2
       Ring mail         |       |    22 |       ||    22
Dodge: Dodged            |     3 |    24 |       ||    27
       Rpst.: Falchion   |       |     3 |       ||     3

Table legend:
 A = Non-vault XP
 B = Vault XP
 C = Vault XP percentage of total XP
 D = Non-vault monster count
 E = Vault monster count
 F = Vault count percentage of total count
                 A         B        C        D         E       F
            +---------+---------+-------+---------+---------+-------
      Total |       0 |    1420 | 100.0 |       0 |       6 | 100.0
            +---------+---------+-------+---------+---------+-------
          D |       0 |    1420 | 100.0 |       0 |       6 | 100.0
            +---------+---------+-------+---------+---------+-------
